 Dungeon Sprint DCSS version 0.27-a0-412-g8dd771eca2 (webtiles) character file.

Game seed: 13677776167716653868

609 Gaff the Spear-Bearer (level 7, -7/111 HPs)
             Began as a Minotaur Berserker on Feb 24, 2021.
             Was a Priest of Trog.
             Shot with an arrow by a centaur warrior (12 damage)
             ... in the Dungeon (Sprint I: "Red Sonja").
             The game lasted 00:01:54 (739 turns).

Gaff the Spear-Bearer (Minotaur Berserker)           Turns: 739, Time: 00:01:54

Health: -7/111     AC:  3    Str: 23    XL:     7   Next: 19%
Magic:  6/6        EV: 13    Int:  4    God:    Trog [***...]
Gold:   405        SH:  0    Dex: 10    Spells: 6/6 levels left

rFire    . . .     SeeInvis .   j - +0 scythe
rCold    . . .     Faith    .   (shield currently unavailable)
rNeg     . . .     Spirit   .   i - +0 leather armour
rPois    .         Reflect  .   (helmet restricted)
rElec    .         Harm     .   (no cloak)
rCorr    .         Rampage  .   (no gloves)
Will     .....     NoTele   +   (no boots)
Stlth    ..........             (no amulet)
HPRegen  0.28/turn              (no ring)
MPRegen  0.10/turn              (no ring)

@: berserking, very quick
A: retaliatory headbutt, horns 2
a: Renounce Religion, Berserk, Trog's Hand


You were in the Dungeon.
You worshipped Trog.
Trog was most pleased with you.
You visited 1 branch You collected 405 gold pieces.

Inventory:

Hand Weapons
 a - a +0 spear
 j - a +0 scythe (weapon)
 m - a +0 hunting sling
Missiles
 k - 20 stones
 l - 17 arrows
Armour
 b - a +0 animal skin
 i - a +0 leather armour (worn)
Scrolls
 h - a scroll of blinking
Potions
 c - a potion of curing
 d - a potion of heal wounds
 e - a potion of haste
 f - 2 potions of magic
 g - a potion of berserk rage


   Skills:
 + Level 11.4 Fighting
 + Level 12.6 Polearms
 + Level 6.3 Armour
 + Level 5.6 Dodging
 + Level 1.0 Stealth


You had 6 spell levels left.
You didn't know any spells.
Your spell library was empty.

Dungeon Overview and Level Annotations

Branches:
Dungeon (1/1)

Altars:
Cheibriados
Dithmenos
Elyvilon
Fedhas
Gozag
Hepliaklqana
Kikubaaqudgha
Makhleb
Nemelex Xobeh
Okawaru
Qazlal
Ru
Sif Muna
Trog
Uskayaw
Vehumet
Wu Jian
Xom
Yredelemnul
Zin
The Shining One
Jiyva
Lugonu

Shops:
D =


Innate Abilities, Weirdness & Mutations

You reflexively headbutt those who attack you in melee.
You have a pair of horns on your head.


Message History

You close the door.
You start waiting.
The centaur warrior wields a +0 shortbow.
The centaur warrior shoots an arrow.
The arrow hits you!!
You slash the centaur warrior!
The centaur warrior is moderately wounded.
The centaur warrior unwields a +0 shortbow.
The centaur warrior closely misses you. x2; You furiously retaliate!
You headbutt the centaur warrior, but do no damage.
You hit the centaur warrior but do no damage.
You headbutt the centaur warrior, but do no damage.
The centaur warrior is moderately wounded.
The centaur warrior hits you!
You barely miss the centaur warrior.
You headbutt the centaur warrior, but do no damage.
The centaur warrior is moderately wounded.
The centaur warrior hits you. The centaur warrior hits you!
The centaur warrior hits you.
You hit the centaur warrior. You headbutt the centaur warrior.
The centaur warrior is moderately wounded.
The centaur warrior hits you.
You hit the centaur warrior but do no damage.
You headbutt the centaur warrior.
The centaur warrior is moderately wounded.
The centaur warrior hits you!
The centaur warrior wields a +0 longbow.
The centaur warrior shoots an arrow.
The arrow hits you!!
* * * LOW HITPOINT WARNING * * *
The centaur warrior barely misses you. You furiously retaliate!
You headbutt the centaur warrior!
A red film seems to cover your vision as you go berserk!
You feel yourself moving faster!
You feel mighty!
The centaur warrior shoots an arrow.
The arrow closely misses you. The centaur warrior hits you.
* * * LOW HITPOINT WARNING * * *
You slash the centaur warrior! You headbutt the centaur warrior.
You kill the centaur warrior!
Trog accepts your kill.
The centaur warrior shoots an arrow.
The arrow hits you!
You die...

######################
#<.#..').#..'..#__#..+
#..'÷.#..'[.#..'..'..#
#..#####'#####'#__####
#..####..#...#.####
#..#__####..##@#§§≈.§#
#..#_____##'#_)'c§§§.+
#⌠⌠#_.∩...'...§#§§§§§#
####_..__##_.#'##+###
#_____###+#.# #######
###


You could see a centaur warrior.

Vanquished Creatures
  A centaur warrior (D)
  A slime creature (D)
  Sigmund (D)
  A yak (D)
  An ogre (D)
  A jelly (D)
  Ijyb (D)
7 creatures vanquished.

Notes
Turn   | Place    | Note
-------+----------+-------------------------------------------
     0 | D        | Gaff the Minotaur Berserker began the quest for the Orb.
     0 | D        | Reached XP level 1. HP: 19/19 MP: 0/0
     1 | D        | Noticed Ijyb
     6 | D        | Killed Ijyb
     7 | D        | Reached skill level 5 in Fighting
     7 | D        | Reached skill level 5 in Polearms
     7 | D        | Reached XP level 2. HP: 29/29 MP: 1/1
    51 | D        | Noticed an ogre
    56 | D        | Killed an ogre
    57 | D        | Reached skill level 8 in Polearms
    57 | D        | Reached XP level 3. HP: 24/39 MP: 2/2
    57 | D        | Reached XP level 4. HP: 29/47 MP: 3/3
   237 | D        | Noticed Sigmund
   247 | D        | Killed Sigmund
   247 | D        | Reached ** piety under Trog
   248 | D        | Reached skill level 10 in Polearms
   248 | D        | Reached skill level 5 in Armour
   248 | D        | Reached XP level 5. HP: 56/57 MP: 4/4
   348 | D        | Found an ornate altar of the Wu Jian Council.
   348 | D        | Found a shimmering blue altar of Sif Muna.
   350 | D        | Found a radiant altar of Vehumet.
   355 | D        | Reached XP level 6. HP: 66/66 MP: 5/5
   365 | D        | Found Ochyel's Jewellery Emporium.
   365 | D        | Found an ancient bone altar of Kikubaaqudgha.
   365 | D        | Found a hazy altar of Hepliaklqana.
   365 | D        | Found a stormy altar of Qazlal.
   365 | D        | Found a hide-covered altar of Uskayaw.
   365 | D        | Found a blossoming altar of Fedhas.
   365 | D        | Found a bloodstained altar of Trog.
   365 | D        | Found an iron altar of Okawaru.
   365 | D        | Found a basalt altar of Yredelemnul.
   365 | D        | Found a glowing golden altar of the Shining One.
   365 | D        | Found a snail-covered altar of Cheibriados.
   365 | D        | Found a sacrificial altar of Ru.
   365 | D        | Found a glowing silver altar of Zin.
   365 | D        | Found a shadowy altar of Dithmenos.
   365 | D        | Found a white marble altar of Elyvilon.
   365 | D        | Noticed a yak
   366 | D        | Found an opulent altar of Gozag.
   370 | D        | Killed a yak
   371 | D        | Reached skill level 10 in Fighting
   371 | D        | Reached skill level 11 in Polearms
   371 | D        | Reached skill level 5 in Dodging
   371 | D        | Found a sparkling altar of Nemelex Xobeh.
   584 | D        | Found a burning altar of Makhleb.
   584 | D        | Found a viscous altar of Jiyva.
   584 | D        | Found a shimmering altar of Xom.
   584 | D        | Found a corrupted altar of Lugonu.
   584 | D        | Noticed a slime creature
   591 | D        | Killed a slime creature
   591 | D        | Reached *** piety under Trog
   592 | D        | Reached skill level 12 in Polearms
   592 | D        | Reached skill level 1 in Stealth
   592 | D        | Reached XP level 7. HP: 72/74 MP: 6/6
   726 | D        | Noticed a centaur warrior
   726 | D        | Noticed a centaur warrior
   738 | D        | HP: 5/111 [centaur warrior (2)]
   739 | D        | Killed a centaur warrior
   739 | D        | Shot with an arrow by a centaur warrior

Illustrated notes

Levels and vault maps discovered:
D:        dungeon_sprint_1 [red_sonja_temple_1, red_sonja_temple_small_1]

Skill      XL: |  1  2  3  4  5  6 |
---------------+-------------------+-----
Fighting       | 5 7 9 11 | 11.4
Polearms       | 5 8 10 12 | 12.6
Armour         | 3 4 5 6 |  6.3
Dodging        | 3 4 5 |  5.6
Stealth        | 1 |  1.0

Action                   |  1- 3 |  4- 6 |  7- 9 || total
-------------------------+-------+-------+-------++-------
Melee: Spear             |     7 |     8 |       ||    15
       Headbutt          |     1 |     2 |     5 ||     8
       Scythe            |       |    11 |     6 ||    17
Invok: Berserk           |     2 |     3 |     1 ||     6
Armor: Leather armour    |       |     1 |       ||     1
Dodge: Dodged            |     3 |     8 |     4 ||    15

Table legend: (Time is in decaauts)
 A = Elapsed time spent in this place.
 B = Non-inter-level travel time spent in this place.
 C = Inter-level travel time spent in this place.
 D = Time resting spent in this place.
 E = Time spent auto-exploring this place.
 F = Levels seen in this place.
 G = Mean time per level.
                   A        B        C        D        E       F      G
               +--------+--------+--------+--------+--------+-----+--------+
         Total |    786 |    786 |      0 |    600 |      0 |   1 |  786.0 |
       Dungeon |    786 |    786 |      0 |    600 |      0 |   1 |  786.0 |
               +--------+--------+--------+--------+--------+-----+--------+

Top non-repeatable levels by time:
       D: 786 daAuts
